TOP OF THE 1ST |
Brinkley Belugas batting - Pitching for Augusta Timber Hawks : RHP Ricardo Martínez
|
Pitching: RHP Ricardo Martínez
|
|
Batting: RHB Jorge Torrez
|
0-0: Ball 1-0: Ground out 4-3 (Groundball, 13)
|
Batting: RHB James Peterson
|
0-0: Ball 1-0: Foul Ball, location: 2F 1-1: Fly out, F8 (Flyball, 89M)
|
Batting: RHB Bernardino Minotes
|
0-0: Foul Ball, location: 2F 0-1: Foul Ball, location: 2F 0-2: Ball 1-2: Ground out 6-3 (Groundball, 6)
|
Top of the 1st over - 0 run(s), 0 hit(s), 0 error(s), 0 left on base; Brinkley 0 - Augusta 0 |
BOTTOM OF THE 1ST |
Augusta Timber Hawks batting - Pitching for Brinkley Belugas : RHP Jim Unknown
|
Pitching: RHP Jim Unknown
|
|
Batting: RHB Billy Strauss
|
0-0: Ball 1-0: Foul Ball, location: 2F 1-1: Ball 2-1: Fly out, F7 (Flyball, 8LS)
|
Batting: SHB Lawrence Franklin
|
0-0: Called Strike 0-1: Ball 1-1: Ball 2-1: Ground out 4-3 (Groundball, 34)
|
Batting: RHB Bob Dickerson
|
0-0: Called Strike 0-1: SINGLE (Line Drive, 34D)
|
Batting: RHB Eddy Baxter
|
0-0: Ball 1-0: Foul Ball, location: 2F 1-1: 2-RUN HOME RUN (Flyball, 8LXD), Distance : 449 ft
|
Batting: RHB Rob Young
|
0-0: DOUBLE (Flyball, 89D)
|
Batting: RHB Dave Bush
|
0-0: Ball 1-0: Called Strike 1-1: SINGLE (Groundball, 56S) (infield hit) Rob Young to third
|
Batting: SHB José Salazar
|
0-0: Ball 1-0: Hit by Pitch Dave Bush to second
|
Batting: RHB Juan Banda
|
0-0: Called Strike 0-1: Fly out, F8 (Flyball, 8LM)
|
Bottom of the 1st over - 2 run(s), 4 hit(s), 0 error(s), 3 left on base; Brinkley 0 - Augusta 2 |
TOP OF THE 2ND |
Brinkley Belugas batting - Pitching for Augusta Timber Hawks : RHP Ricardo Martínez
|
Batting: RHB Jim Unknown
|
0-0: Foul Ball, location: 2F 0-1: Ball 1-1: Ground out 6-3 (Groundball, 6)
|
Batting: LHB George Wilcox
|
0-0: Called Strike 0-1: Ball 1-1: Foul Ball, location: 2F 1-2: Ball 2-2: Ground out 6-3 (Groundball, 6)
|
Batting: RHB Carlos Salinas
|
0-0: Ball 1-0: Swinging Strike 1-1: Ball 2-1: Fly out, F9 (Flyball, 89S)
|
Top of the 2nd over - 0 run(s), 0 hit(s), 0 error(s), 0 left on base; Brinkley 0 - Augusta 2 |
BOTTOM OF THE 2ND |
Augusta Timber Hawks batting - Pitching for Brinkley Belugas : RHP Jim Unknown
|
Batting: SHB Jared Robinson
|
0-0: Foul Ball, location: 2F 0-1: Foul Ball, location: 2F 0-2: Ball 1-2: SOLO HOME RUN (Flyball, 89XD), Distance : 421 ft
|
Batting: RHB Billy Strauss
|
0-0: Swinging Strike 0-1: Ball 1-1: Ball 2-1: Ball 3-1: Foul Ball, location: 2F 3-2: Strikes out looking
|
Batting: SHB Lawrence Franklin
|
0-0: Ground out U3 (Groundball, 3)
|
Batting: RHB Bob Dickerson
|
0-0: Swinging Strike 0-1: Foul Ball, location: 2F 0-2: Fly out, F4 (Line Drive, 4)
|
Bottom of the 2nd over - 1 run(s), 1 hit(s), 0 error(s), 0 left on base; Brinkley 0 - Augusta 3 |
TOP OF THE 3RD |
Brinkley Belugas batting - Pitching for Augusta Timber Hawks : RHP Ricardo Martínez
|
Batting: LHB Patrick Larson
|
0-0: Called Strike 0-1: Fly out, F7 (Popup, 5DF)
|
Batting: RHB Jim Unknown
|
0-0: Ball 1-0: Foul Ball, location: 2F 1-1: Foul Ball, location: 2F 1-2: Ground out 6-3 (Groundball, 6M)
|
Batting: RHB Juan Díaz
|
0-0: SINGLE (Groundball, 34)
|
Batting: RHB Jorge Torrez
|
Balk! Juan Díaz to second 0-0: Foul Ball, location: 2F 0-1: Called Strike 0-2: Ball 1-2: Foul Ball, location: 2F 1-2: Strikes out swinging
|
Top of the 3rd over - 0 run(s), 1 hit(s), 0 error(s), 1 left on base; Brinkley 0 - Augusta 3 |
BOTTOM OF THE 3RD |
Augusta Timber Hawks batting - Pitching for Brinkley Belugas : RHP Jim Unknown
|
Batting: RHB Eddy Baxter
|
0-0: Ball 1-0: SOLO HOME RUN (Flyball, 7D), Distance : 417 ft
|
Batting: RHB Rob Young
|
0-0: Called Strike 0-1: Ground out 5-3 (Groundball, 5)
|
Batting: RHB Dave Bush
|
0-0: Called Strike 0-1: Swinging Strike 0-2: Ball 1-2: Strikes out swinging
|
Batting: SHB José Salazar
|
0-0: Foul Ball, location: 2F 0-1: Ball 1-1: Swinging Strike 1-2: Ball 2-2: Ball Reached via error on a dropped throw, E3
|
Batting: RHB Juan Banda
|
0-0: Called Strike José Salazar steals 2nd base 0-1: Ball 1-1: Ball 2-1: SINGLE (Groundball, 4M) José Salazar to third Runner from 3rd tries for Home, SAFE, no throw or cutoff
|
Batting: SHB Jared Robinson
|
0-0: Ball 1-0: Ball 2-0: Ball 3-0: Called Strike 3-1: Ground out 4-3 (Groundball, 4)
|
Bottom of the 3rd over - 2 run(s), 2 hit(s), 1 error(s), 1 left on base; Brinkley 0 - Augusta 5 |
TOP OF THE 4TH |
Brinkley Belugas batting - Pitching for Augusta Timber Hawks : RHP Ricardo Martínez
|
Batting: RHB James Peterson
|
0-0: Fly out, F4 (Line Drive, 4)
|
Batting: RHB Bernardino Minotes
|
0-0: SINGLE (Groundball, 34D)
|
Batting: RHB Jim Unknown
|
0-0: 2-RUN HOME RUN (Flyball, 78XD), Distance : 450 ft
|
Batting: LHB George Wilcox
|
0-0: Called Strike 0-1: Foul Ball, location: 2F 0-2: Fly out, F7 (Flyball, 78S)
|
Batting: RHB Carlos Salinas
|
0-0: Ball 1-0: Ball 2-0: Ball 3-0: Foul Ball, location: 2F 3-1: Called Strike 3-2: Base on Balls
|
Batting: LHB Patrick Larson
|
0-0: Called Strike 0-1: Ball 1-1: Foul Ball, location: 2F 1-2: Ball 2-2: Strikes out swinging
|
Top of the 4th over - 2 run(s), 2 hit(s), 0 error(s), 1 left on base; Brinkley 2 - Augusta 5 |
BOTTOM OF THE 4TH |
Augusta Timber Hawks batting - Pitching for Brinkley Belugas : RHP Jim Unknown
|
Batting: RHB Billy Strauss
|
0-0: Called Strike 0-1: Ball 1-1: Foul Ball, location: 2F 1-2: Ball 2-2: Foul Ball, location: 2F 2-2: Reached on error, E6 (Groundball, 6)
|
Batting: SHB Lawrence Franklin
|
0-0: Called Strike 0-1: Ground out 3-1 (Groundball, 34) Billy Strauss to third
|
Batting: RHB Bob Dickerson
|
0-0: Called Strike 0-1: Swinging Strike 0-2: Ball 1-2: Ball 2-2: Foul Ball, location: 2F 2-2: Foul Ball, location: 2F 2-2: Ball 3-2: Foul Ball, location: 2F 3-2: Base on Balls
|
Batting: RHB Eddy Baxter
|
0-0: Ball 1-0: Called Strike 1-1: Ball 2-1: Ball 3-1: Base on Balls Bob Dickerson to second
|
Batting: RHB Rob Young
|
0-0: Ball 1-0: Grounds into double play, 5-4-3 (Groundball, 56)
|
Bottom of the 4th over - 0 run(s), 0 hit(s), 1 error(s), 2 left on base; Brinkley 2 - Augusta 5 |
TOP OF THE 5TH |
Brinkley Belugas batting - Pitching for Augusta Timber Hawks : RHP Ricardo Martínez
|
Batting: RHB Jim Unknown
|
0-0: Ball 1-0: Ball 2-0: Foul Ball, location: 2F 2-1: Foul Ball, location: 2F 2-2: Strikes out swinging
|
Batting: RHB Juan Díaz
|
0-0: Fly out, F8 (Flyball, 78M)
|
Batting: RHB Jorge Torrez
|
0-0: Ball 1-0: Ball 2-0: Fly out, F8 (Flyball, 8RM)
|
Top of the 5th over - 0 run(s), 0 hit(s), 0 error(s), 0 left on base; Brinkley 2 - Augusta 5 |
BOTTOM OF THE 5TH |
Augusta Timber Hawks batting - Pitching for Brinkley Belugas : RHP Jim Unknown
|
Batting: RHB Dave Bush
|
0-0: Called Strike 0-1: Ball 1-1: Fly out, F7 (Flyball, 78M)
|
Batting: SHB José Salazar
|
0-0: Ball 1-0: Ball 2-0: Called Strike 2-1: Swinging Strike 2-2: Ground out 4-3 (Groundball, 4)
|
Batting: RHB Juan Banda
|
0-0: Ball 1-0: Ground out 5-3 (Groundball, 5)
|
Bottom of the 5th over - 0 run(s), 0 hit(s), 0 error(s), 0 left on base; Brinkley 2 - Augusta 5 |
TOP OF THE 6TH |
Brinkley Belugas batting - Pitching for Augusta Timber Hawks : RHP Ricardo Martínez
|
Batting: RHB James Peterson
|
0-0: Ball 1-0: Foul Ball, location: 2F 1-1: Ground out 6-3 (Groundball, 6)
|
Batting: RHB Bernardino Minotes
|
0-0: Called Strike 0-1: Fly out, F7 (Line Drive, 78S)
|
Batting: RHB Jim Unknown
|
0-0: Foul Ball, location: 2F 0-1: Called Strike 0-2: Ball 1-2: Ball 2-2: Foul Ball, location: 2F 2-2: Ball 3-2: Fly out, F2 (Popup, 2RF)
|
Top of the 6th over - 0 run(s), 0 hit(s), 0 error(s), 0 left on base; Brinkley 2 - Augusta 5 |
BOTTOM OF THE 6TH |
Augusta Timber Hawks batting - Pitching for Brinkley Belugas : RHP Jim Unknown
|
Batting: SHB Jared Robinson
|
0-0: Called Strike 0-1: Ball 1-1: Ball 2-1: Fly out, F8 (Flyball, 8LM)
|
Batting: RHB Billy Strauss
|
0-0: Foul Ball, location: 2F 0-1: Foul Ball, location: 2F 0-2: Ball 1-2: Foul Ball, location: 2F 1-2: Foul Ball, location: 2F 1-2: Ground out 1-3 (Groundball, 15)
|
Batting: SHB Lawrence Franklin
|
0-0: Ball 1-0: Swinging Strike 1-1: Swinging Strike 1-2: SINGLE (Flyball, 9S)
|
Batting: RHB Bob Dickerson
|
0-0: Ball 1-0: Ground out 5-3 (Groundball, 56S)
|
Bottom of the 6th over - 0 run(s), 1 hit(s), 0 error(s), 1 left on base; Brinkley 2 - Augusta 5 |
TOP OF THE 7TH |
Brinkley Belugas batting - Pitching for Augusta Timber Hawks : RHP Ricardo Martínez
|
Batting: LHB George Wilcox
|
0-0: SINGLE (Line Drive, 7S)
|
Batting: RHB Carlos Salinas
|
0-0: Called Strike 0-1: SINGLE (Groundball, 4MD) George Wilcox to second Runner from 2nd tries for 3rd, SAFE, no throw or cutoff
|
Batting: LHB Patrick Larson
|
0-0: Fly out, F9 (Flyball, 89M) Runner from 3rd tags up, SCORES, throw made
|
Batting: RHB Jim Unknown
|
0-0: Called Strike Carlos Salinas steals 2nd base 0-1: Ball 1-1: Swinging Strike 1-2: Ball 2-2: Ground out 1-3 (Groundball, 15)
|
Batting: RHB Juan Díaz
|
0-0: Fly out, F7 (Flyball, 7M)
|
Top of the 7th over - 1 run(s), 2 hit(s), 0 error(s), 1 left on base; Brinkley 3 - Augusta 5 |
BOTTOM OF THE 7TH |
Augusta Timber Hawks batting - Pitching for Brinkley Belugas : RHP Jim Unknown
|
Batting: RHB Eddy Baxter
|
0-0: Ball 1-0: Ball 2-0: Swinging Strike 2-1: Ball 3-1: Called Strike 3-2: Base on Balls
|
Batting: RHB Rob Young
|
0-0: Called Strike 0-1: Foul Ball, location: 2F 0-2: Ball 1-2: Fly out, F7 (Line Drive, 78M)
|
Pitching: RHP José Huerta
|
|
Batting: RHB Dave Bush
|
0-0: Called Strike 0-1: 2-RUN HOME RUN (Flyball, 7LD), Distance : 377 ft
|
Batting: SHB José Salazar
|
0-0: Foul Ball, location: 2F 0-1: Ball 1-1: Ground out 4-3 (Groundball, 4)
|
Batting: RHB Juan Banda
|
0-0: Called Strike 0-1: Ball 1-1: Ball 2-1: Ground out 5-3 (Groundball, 5S)
|
Bottom of the 7th over - 2 run(s), 1 hit(s), 0 error(s), 0 left on base; Brinkley 3 - Augusta 7 |
TOP OF THE 8TH |
Brinkley Belugas batting - Pitching for Augusta Timber Hawks : RHP Ricardo Martínez
|
Batting: RHB Jorge Torrez
|
0-0: Ball 1-0: Ball 2-0: SINGLE (Flyball, 7S)
|
Batting: RHB James Peterson
|
0-0: Swinging Strike 0-1: Ball 1-1: Ball 2-1: Swinging Strike 2-2: Ball 3-2: Grounds into double play, 6-4-3 (Groundball, 6)
|
Batting: RHB Bernardino Minotes
|
0-0: Swinging Strike 0-1: Foul Ball, location: 2F 0-2: DOUBLE (Groundball, 5L)
|
Pitching: LHP Josh Cox
|
|
Batting: RHB Jim Unknown
|
0-0: Swinging Strike 0-1: Ball 1-1: Ground out 4-3 (Groundball, 4)
|
Top of the 8th over - 0 run(s), 2 hit(s), 0 error(s), 1 left on base; Brinkley 3 - Augusta 7 |
BOTTOM OF THE 8TH |
Augusta Timber Hawks batting - Pitching for Brinkley Belugas : RHP José Huerta
|
Batting: SHB Jared Robinson
|
0-0: Foul Ball, location: 2F 0-1: Ball 1-1: SINGLE (Line Drive, 7LS)
|
Batting: RHB Billy Strauss
|
0-0: Swinging Strike 0-1: Called Strike 0-2: Ball 1-2: Ball 2-2: Strikes out looking
|
Batting: SHB Lawrence Franklin
|
0-0: Foul Ball, location: 2F 0-1: Ball 1-1: Ball 2-1: SINGLE (Line Drive, 56D) Jared Robinson to second
|
Batting: RHB Bob Dickerson
|
0-0: Ball 1-0: Foul Ball, location: 2F 1-1: Swinging Strike 1-2: Ball 2-2: Fly out, F2 (Popup, 2RF)
|
Batting: RHB Eddy Baxter
|
0-0: Ball 1-0: Ball 2-0: Called Strike 2-1: Ball 3-1: Base on Balls Jared Robinson to third Lawrence Franklin to second
|
Pitching: LHP Chad Price
|
|
Batting: RHB Rob Young
|
0-0: Foul Ball, location: 2F 0-1: Swinging Strike 0-2: DOUBLE (Flyball, 89D) Jared Robinson scores Lawrence Franklin scores Eddy Baxter to third
|
Batting: RHB Dave Bush
|
0-0: Ball 1-0: Called Strike 1-1: Ground out 5-3 (Groundball, 5S)
|
Bottom of the 8th over - 2 run(s), 3 hit(s), 0 error(s), 2 left on base; Brinkley 3 - Augusta 9 |
TOP OF THE 9TH |
Brinkley Belugas batting - Pitching for Augusta Timber Hawks : LHP Josh Cox
|
Now at C: Phil Hayes
|
|
Now at SS: Tom Montgomery
|
|
Batting: LHB George Wilcox
|
0-0: Swinging Strike 0-1: Called Strike 0-2: Ball 1-2: Strikes out looking
|
Batting: RHB Carlos Salinas
|
0-0: Ball 1-0: Called Strike 1-1: Ball 2-1: Foul Ball, location: 2F 2-2: Foul Ball, location: 2F 2-2: Strikes out swinging
|
Batting: LHB Patrick Larson
|
0-0: Ground out 6-3 (Groundball, 6M)
|
Top of the 9th over - 0 run(s), 0 hit(s), 0 error(s), 0 left on base; Brinkley 3 - Augusta 9 |
|